 Dungeon Crawl Stone Soup version 0.21.1-1-g345015f (webtiles) character file.

51 Falco the Stinger (level 3, 0/28 HPs)
             Began as a Naga Venom Mage on May 10, 2018.
             Killed by nerve-wracking pain
             ... invoked by an orc priest
              (13 damage)
             ... on level 3 of the Dungeon.
             The game lasted 00:09:22 (1491 turns).

Falco the Stinger (Naga Venom Mage)                 Turns: 1491, Time: 00:09:24

Health: 0/28       AC:  2    Str: 10    XL:     3   Next: 83%
Magic:  3/6        EV: 10    Int: 16    God:
Gold:   147        SH:  0    Dex: 11    Spells: 0/6 levels left

rFire    . . .     SeeInvis +   k - +0 flail (protect)
rCold    . . .     Gourm    .   (no shield)
rNeg     . . .     Faith    .   a - +0 robe
rPois    +         Spirit   .   (no helmet)
rElec    .         Reflect  .   (no cloak)
rCorr    .         Harm     .   (no gloves)
MR       .....                  (no barding)
Stlth    ++........             (no amulet)
HPRegen  0.09/turn              (no ring)
MPRegen  0.10/turn              (no ring)

@: very slow
A: large, see invisible, deformed body, poison resistance, slowness 2, slow
metabolism 1, spit poison 1, AC +1
a: Spit Poison


You were on level 3 of the Dungeon.
You were not hungry.

You visited 1 branch of the dungeon, and saw 3 of its levels.

You collected 147 gold pieces.

Inventory:

Hand Weapons
 k - a +0 flail of protection (weapon)
Armour
 a - a +0 robe (worn)
Jewellery
 n - an uncursed ring of ice {unknown}
Scrolls
 d - 3 scrolls of fog {unknown}
 e - 2 scrolls of identify {unknown}
 g - 6 scrolls of teleportation {unknown}
 j - 3 scrolls of enchant armour {unknown}
 l - 2 scrolls of amnesia {unknown}
 o - a scroll of blinking {unknown}
Potions
 f - 2 potions of might {unknown}
 h - a potion of curing {unknown}
 i - a potion of flight {unknown}
 m - a potion of agility {unknown}
Books
 b - a Young Poisoner's Handbook

   Spells                             Type                      Level
   a - Sting                          Conjuration/Poison           1
   b - Poisonous Vapours              Poison/Air                   2
   c - Mephitic Cloud                 Conjuration/Poison/Air       3
   d - Olgreb's Toxic Radiance        Poison                       4
   e - Venom Bolt                     Conjuration/Poison           5
Comestibles
 c - 2 rations


   Skills:
 + Level 0.2 Maces & Flails
 + Level 1.9 Dodging
 + Level 3.3 Stealth
 + Level 2.3 Spellcasting
 + Level 1.2 Conjurations
 + Level 5.3 Poison Magic


You couldn't memorise any spells.
You knew the following spells:

 Your Spells              Type           Power        Failure   Level  Hunger
a - Sting                 Conj/Pois      ##..         5%          1    #......
b - Poisonous Vapours     Pois/Air       ##....       11%         2    ###....
c - Mephitic Cloud        Conj/Pois/Air  #.......     24%         3    ###....


Dungeon Overview and Level Annotations

Branches:
Dungeon (3/15)

Altars:
Ashenzari
Fedhas
Nemelex Xobeh
Qazlal
Ru


Innate Abilities, Weirdness & Mutations

You cannot wear boots.
Your serpentine skin is tough. (AC +1)
You have supernaturally acute eyesight. (SInv)
Armour fits poorly on your strangely shaped body.
Your system is resistant to poisons. (rPois)
You cover ground very slowly.
You have a slow metabolism.
You can spit poison.


Message History

The sting hits the orc.
The orc is poisoned.
The orc is heavily wounded.
The bat hits you but does no damage.
The orc priest mumbles some strange prayers to Beogh against you.
Beogh smites you!
An orc priest comes into view. It is wielding a dagger.
The orc priest shouts!
Okay, then.
Casting: Sting
Confirm with . or Enter, or press ? or * to list all spells.
Aiming: Sting
Press: ? - help, Shift-Dir - straight line, f - orc, p - orc
Aim: an orc The sting misses the orc.
You have got your breath back.
You kill the orc!
The bat hits you but does no damage.
The orc priest invokes the aid of Beogh against you.
Pain shoots through your body!
You die... ### #.. .PPP

PP_PP##+##
PP.PP#...##
...P....b@##
........[..##
.^.^§§......#
^#.§≈§...oo.+
#_§.....o..#
#≈§.......##
.^^.#....o##
.#####...##
##'##


You could see 2 orc priests, 2 orcs and a bat.

Vanquished Creatures
  An adder (D:2)
  A dart slug (D:2)
  2 leopard geckos (D:2)
  An orc (D:3)
  7 goblins
  3 hobgoblins
  2 quokkas (D:2)
  6 bats
  2 frilled lizards
  8 kobolds
  5 rats
38 creatures vanquished.

Notes
Turn   | Place    | Note
-------+----------+-------------------------------------------
     0 | D:1      | Falco the Naga Venom Mage began the quest for the Orb.
     0 | D:1      | Reached XP level 1. HP: 15/15 MP: 3/3
   267 | D:1      | Reached XP level 2. HP: 21/22 MP: 5/5
   434 | D:1      | Learned a level 2 spell: Poisonous Vapours
   514 | D:1      | You fall through a shaft!
   702 | D:2      | Reached XP level 3. HP: 23/28 MP: 6/6
   916 | D:2      | Found a sacrificial altar of Ru.
   916 | D:2      | Found a shattered altar of Ashenzari.
   917 | D:2      | Found a sparkling altar of Nemelex Xobeh.
  1047 | D:2      | Reached skill level 5 in Poison Magic
  1071 | D:2      | Learned a level 3 spell: Mephitic Cloud
  1482 | D:3      | Found a stormy altar of Qazlal.
  1483 | D:3      | Found a blossoming altar of Fedhas.
  1491 | D:3      | Killed from afar by an orc priest

Skill      XL: |  1  2  3 |
---------------+----------+-----
Poison Magic   | 5 |  5.3
Maces & Flails | |  0.2
Dodging        | |  1.9
Stealth        | |  3.3
Spellcasting   | |  2.3
Conjurations   | |  1.2

Action                   || total
-------------------------++-------
Melee: Unarmed           ||     5
       Flail             ||    13
 Cast: Sting             ||    27
 Abil: Spit Poison       ||    23
  Eat: Ration            ||     1
Armor: Robe              ||    18
Dodge: Dodged            ||    27
